TOP OF THE 1ST |
Daytona Beach Islanders batting - Pitching for Winter Haven Sun Sox : RHP Gregory Staffon
|
Pitching: RHP Gregory Staffon
|
|
Batting: SHB Michael Frierson
|
0-0: Called Strike 0-1: Ball 1-1: Ball 2-1: Foul Ball, location: 2F 2-2: Foul Ball, location: 2F 2-2: Foul Ball, location: 2F 2-2: Ball 3-2: Ground out 4-3 (Groundball, 4, EV 98.1 MPH)
|
Batting: RHB Juan Salinas
|
0-0: Swinging Strike 0-1: Ground out 4-3 (Groundball, 4, EV 90.0 MPH)
|
Batting: LHB Jim Eppard
|
0-0: Ball 1-0: Called Strike 1-1: Ball 2-1: Ground out 3-1 (Groundball, 34S, EV 85.6 MPH)
|
Top of the 1st over - 0 runs, 0 hits, 0 errors, 0 left on base; Daytona Beach 0 - Winter Haven 0 |
BOTTOM OF THE 1ST |
Winter Haven Sun Sox batting - Pitching for Daytona Beach Islanders : RHP Pat Shackelford
|
Pitching: RHP Pat Shackelford
|
|
Batting: LHB Don Carter
|
0-0: Called Strike 0-1: Called Strike 0-2: SINGLE (Flyball, 6D, EV 91.3 MPH)
|
Batting: RHB Domingo Ramos
|
0-0: Ball 1-0: Called Strike 1-1: Ball 2-1: Foul Ball, location: 2F 2-2: Ball 3-2: SINGLE (Line Drive, 7S, EV 106.3 MPH) Don Carter to second Don Carter to third
|
Batting: RHB Augie Schmidt
|
0-0: Called Strike 0-1: DOUBLE (Line Drive, 7LM, EV 107.5 MPH) Don Carter scores Domingo Ramos to third Runner from 3rd tries for Home, SAFE, no throw by LF
|
Batting: LHB John Heller
|
0-0: Foul Ball, location: 2F 0-1: Called Strike 0-2: SINGLE (Groundball, 56D, EV 98.1 MPH) Augie Schmidt to third
|
Batting: RHB Michael Rupp
|
0-0: Foul Ball, location: 2F 0-1: Swinging Strike 0-2: Ball 1-2: Foul Ball, location: 2F 1-2: Ball 2-2: Foul Ball, location: 2F 2-2: Foul Ball, location: 2F 2-2: Ball 3-2: SINGLE (Flyball, 34D, EV 93.1 MPH) Augie Schmidt scores John Heller to second
|
Batting: RHB Takashi Upshur
|
0-0: Ball 1-0: Called Strike 1-1: SINGLE (Groundball, 56S, EV 60.6 MPH) (infield hit) John Heller to third Michael Rupp to second
|
Batting: RHB Stephen Rhodes
|
0-0: Swinging Strike 0-1: Ball 1-1: Ball 2-1: Fielders Choice at 2nd, 4-6 (Groundball, 4, EV 86.9 MPH) John Heller scores Michael Rupp to third
|
Batting: RHB Tim Carroll
|
0-0: Foul Ball, location: 2F 0-1: Ball 1-1: Ball 2-1: SINGLE (Groundball, 34, EV 88.8 MPH) (infield hit) Michael Rupp scores Stephen Rhodes to second
|
Batting: RHB Jose Marcano
|
0-0: Swinging Strike 0-1: Called Strike 0-2: Foul Ball, location: 2F 0-2: Foul Ball, location: 2F 0-2: Ball 1-2: Ball 2-2: Ball 3-2: Foul Ball, location: 2F 3-2: Fly out, F7 (Flyball, 7S, EV 81.3 MPH)
|
Batting: LHB Don Carter
|
0-0: Swinging Strike 0-1: Ball 1-1: SINGLE (Line Drive, 34D, EV 95.6 MPH) Stephen Rhodes to third Tim Carroll to second Runner from 3rd tries for Home, SAFE, throw by RF to home
|
Pitching: RHP Thad Troedson
|
|
Batting: RHB Domingo Ramos
|
0-0: Ball 1-0: Swinging Strike 1-1: Called Strike 1-2: Ball 2-2: Strikes out looking
|
Bottom of the 1st over - 6 runs, 8 hits, 0 errors, 2 left on base; Daytona Beach 0 - Winter Haven 6 |
TOP OF THE 2ND |
Daytona Beach Islanders batting - Pitching for Winter Haven Sun Sox : RHP Gregory Staffon
|
Batting: RHB Columbus Duncan
|
0-0: Called Strike 0-1: Ball 1-1: Ball 2-1: Foul Ball, location: 2F 2-2: Strikes out swinging
|
Batting: RHB Gary Kempton
|
0-0: Called Strike 0-1: Ball 1-1: Foul Ball, location: 2F 1-2: Ball 2-2: Strikes out swinging
|
Batting: RHB Jose Gonzalez
|
0-0: Ball 1-0: SINGLE (Line Drive, 9LS, EV 86.3 MPH)
|
Batting: LHB Philip Thomson
|
Pickoff Throw to First - Error! E1 Jose Gonzalez to second 0-0: Ball 1-0: Swinging Strike 1-1: Foul Ball, location: 2F 1-2: Strikes out swinging
|
Top of the 2nd over - 0 runs, 1 hit, 1 error, 1 left on base; Daytona Beach 0 - Winter Haven 6 |
BOTTOM OF THE 2ND |
Winter Haven Sun Sox batting - Pitching for Daytona Beach Islanders : RHP Thad Troedson
|
Batting: RHB Augie Schmidt
|
0-0: Called Strike 0-1: SINGLE (Groundball, 4D, EV 93.8 MPH)
|
Batting: LHB John Heller
|
0-0: Ball 1-0: Ball 2-0: Foul Ball, location: 2F 2-1: Fly out, F9 (Line Drive, 9, EV 98.1 MPH)
|
Batting: RHB Michael Rupp
|
0-0: Ball 1-0: Foul Ball, location: 2F 1-1: Fly out, F9 (Flyball, 9D, EV 105.6 MPH)
|
Batting: RHB Takashi Upshur
|
0-0: Ball 1-0: Swinging Strike 1-1: Ball 2-1: Ball 3-1: Foul Ball, location: 2F 3-2: Foul Ball, location: 2F 3-2: Base on Balls Augie Schmidt to second
|
Batting: RHB Stephen Rhodes
|
0-0: Called Strike 0-1: Foul Ball, location: 2F 0-2: Ball 1-2: Foul Ball, location: 2F 1-2: Ball 2-2: Ball 3-2: Fly out, F8 (Flyball, 89M, EV 86.9 MPH)
|
Bottom of the 2nd over - 0 runs, 1 hit, 0 errors, 2 left on base; Daytona Beach 0 - Winter Haven 6 |
TOP OF THE 3RD |
Daytona Beach Islanders batting - Pitching for Winter Haven Sun Sox : RHP Gregory Staffon
|
Batting: RHB Jeff Rutledge
|
0-0: Foul Ball, location: 2F 0-1: Ball 1-1: Ball 2-1: Called Strike 2-2: Ground out 6-3 (Groundball, P, EV 83.1 MPH)
|
Batting: RHB Jeffrey Coker
|
0-0: Called Strike 0-1: Ground out 6-3 (Groundball, 6, EV 88.1 MPH)
|
Batting: SHB Michael Frierson
|
0-0: Called Strike 0-1: Ball 1-1: Ball 2-1: Foul Ball, location: 2F 2-2: Strikes out swinging
|
Top of the 3rd over - 0 runs, 0 hits, 0 errors, 0 left on base; Daytona Beach 0 - Winter Haven 6 |
BOTTOM OF THE 3RD |
Winter Haven Sun Sox batting - Pitching for Daytona Beach Islanders : RHP Thad Troedson
|
Batting: RHB Tim Carroll
|
0-0: Called Strike 0-1: Foul Ball, location: 2F 0-2: Ball 1-2: Fly out, F9 (Flyball, 9LM, EV 102.5 MPH)
|
Batting: RHB Jose Marcano
|
0-0: Ball 1-0: Ball 2-0: Called Strike 2-1: Ball 3-1: Called Strike 3-2: Fly out, F8 (Flyball, 78D, EV 98.8 MPH)
|
Batting: LHB Don Carter
|
0-0: Called Strike 0-1: Ball 1-1: Reached on error, E4 (Groundball, 4, EV 86.3 MPH)
|
Batting: RHB Domingo Ramos
|
0-0: Ball 1-0: DOUBLE (Flyball, 89D, EV 93.8 MPH) Don Carter to third Runner from 3rd tries for Home, SAFE, no throw by CF
|
Batting: RHB Augie Schmidt
|
0-0: Ball 1-0: Ball 2-0: Ball 3-0: Base on Balls
|
Batting: LHB John Heller
|
0-0: Ball 1-0: Swinging Strike 1-1: Called Strike 1-2: Ball 2-2: Ground out 4-3 (Groundball, 4, EV 87.5 MPH)
|
Bottom of the 3rd over - 1 run, 1 hit, 1 error, 2 left on base; Daytona Beach 0 - Winter Haven 7 |
TOP OF THE 4TH |
Daytona Beach Islanders batting - Pitching for Winter Haven Sun Sox : RHP Gregory Staffon
|
Batting: RHB Juan Salinas
|
0-0: Foul Ball, location: 2F 0-1: Ball 1-1: Foul Ball, location: 2F 1-2: Fly out, F8 (Flyball, 8LM, EV 93.1 MPH)
|
Batting: LHB Jim Eppard
|
0-0: Called Strike 0-1: Ball 1-1: Swinging Strike 1-2: Ground out U3 (Groundball, 3, EV 91.9 MPH)
|
Batting: RHB Columbus Duncan
|
0-0: Ball 1-0: Swinging Strike 1-1: Ball 2-1: Foul Ball, location: 2F 2-2: DOUBLE (Line Drive, 7LM, EV 113.1 MPH)
|
Batting: RHB Gary Kempton
|
0-0: Ball 1-0: SINGLE (Groundball, 5D, EV 100.6 MPH) Columbus Duncan to third Runner from 3rd tries for Home, SAFE, throw by LF to home
|
Batting: RHB Jose Gonzalez
|
0-0: Called Strike 0-1: Ball 1-1: Ground out 5-3 (Groundball, 25, EV 82.5 MPH)
|
Top of the 4th over - 1 run, 2 hits, 0 errors, 1 left on base; Daytona Beach 1 - Winter Haven 7 |
BOTTOM OF THE 4TH |
Winter Haven Sun Sox batting - Pitching for Daytona Beach Islanders : RHP Thad Troedson
|
Pitching: RHP Michael Rostas
|
|
Batting: RHB Michael Rupp
|
0-0: Foul Ball, location: 2F 0-1: Ball 1-1: Swinging Strike 1-2: Ball 2-2: Foul Ball, location: 2F 2-2: Ball 3-2: Fly out, F8 (Flyball, 8RM, EV 86.9 MPH)
|
Batting: RHB Takashi Upshur
|
0-0: Ball 1-0: Called Strike 1-1: Ball 2-1: Called Strike 2-2: Foul Ball, location: 2F 2-2: Ground out 5-3 (Groundball, 56S, EV 61.3 MPH)
|
Batting: RHB Stephen Rhodes
|
0-0: Swinging Strike 0-1: Called Strike 0-2: Ball 1-2: Strikes out swinging, 2-3 out at first.
|
Bottom of the 4th over - 0 runs, 0 hits, 0 errors, 0 left on base; Daytona Beach 1 - Winter Haven 7 |
TOP OF THE 5TH |
Daytona Beach Islanders batting - Pitching for Winter Haven Sun Sox : RHP Gregory Staffon
|
Batting: LHB Philip Thomson
|
0-0: SINGLE (Groundball, 4D, EV 103.8 MPH)
|
Batting: RHB Jeff Rutledge
|
0-0: Ball 1-0: Called Strike 1-1: Ball 2-1: Ball 3-1: Fly out, F4 (Flyball, 3D, EV 83.1 MPH)
|
Batting: RHB Jeffrey Coker
|
0-0: Ball 1-0: Foul Ball, location: 2F 1-1: DOUBLE (Line Drive, 5D, EV 103.8 MPH) Philip Thomson to third
|
Batting: SHB Michael Frierson
|
0-0: Foul Ball, location: 2F 0-1: Called Strike 0-2: Strikes out swinging
|
Batting: RHB Juan Salinas
|
0-0: Reached on error, E4 (Groundball, 4MS, EV 62.5 MPH) Philip Thomson scores Jeffrey Coker to third
|
Batting: LHB Jim Eppard
|
0-0: Ball 1-0: Swinging Strike 1-1: Ball 2-1: Ball 3-1: Called Strike 3-2: Base on Balls Juan Salinas to second
|
Batting: RHB Columbus Duncan
|
0-0: Fly out, F8 (Flyball, 8RXD, EV 95.6 MPH)
|
Top of the 5th over - 1 run, 2 hits, 1 error, 3 left on base; Daytona Beach 2 - Winter Haven 7 |
BOTTOM OF THE 5TH |
Winter Haven Sun Sox batting - Pitching for Daytona Beach Islanders : RHP Michael Rostas
|
Batting: RHB Tim Carroll
|
0-0: Ball 1-0: Swinging Strike 1-1: Foul Ball, location: 2F 1-2: Foul Ball, location: 2F 1-2: Hit by Pitch
|
Batting: RHB Jose Marcano
|
0-0: Ball 1-0: Ball 2-0: Foul Ball, location: 2F 2-1: Foul Ball, location: 2F 2-2: Foul Ball, location: 2F 2-2: Strikes out swinging
|
Batting: LHB Don Carter
|
0-0: Ball 1-0: Fielders Choice at 2nd, 3-6 (Groundball, 3, EV 86.3 MPH)
|
Batting: RHB Domingo Ramos
|
0-0: Swinging Strike 0-1: Foul Ball, location: 2F 0-2: Hit by Pitch Don Carter to second
|
Batting: RHB Augie Schmidt
|
0-0: Ball 1-0: Ball 2-0: Ball 3-0: Called Strike 3-1: Fielders Choice at 2nd, 5-4 (Groundball, 56, EV 85.6 MPH)
|
Bottom of the 5th over - 0 runs, 0 hits, 0 errors, 2 left on base; Daytona Beach 2 - Winter Haven 7 |
TOP OF THE 6TH |
Daytona Beach Islanders batting - Pitching for Winter Haven Sun Sox : RHP Gregory Staffon
|
Batting: RHB Gary Kempton
|
0-0: Ball 1-0: Ball 2-0: Fly out, F9 (Flyball, 9, EV 89.4 MPH)
|
Batting: RHB Jose Gonzalez
|
0-0: Called Strike 0-1: Called Strike 0-2: Ground out 6-3 (Groundball, 6, EV 85.6 MPH)
|
Batting: LHB Philip Thomson
|
0-0: Ball 1-0: Ball 2-0: Swinging Strike 2-1: Ground out 4-3 (Groundball, 4, EV 105.6 MPH)
|
Top of the 6th over - 0 runs, 0 hits, 0 errors, 0 left on base; Daytona Beach 2 - Winter Haven 7 |
BOTTOM OF THE 6TH |
Winter Haven Sun Sox batting - Pitching for Daytona Beach Islanders : RHP Michael Rostas
|
Batting: LHB John Heller
|
0-0: Ground out 6-3 (Groundball, 6, EV 84.4 MPH)
|
Batting: RHB Michael Rupp
|
0-0: Ball 1-0: Fly out, F7 (Flyball, 7, EV 91.3 MPH)
|
Pitching: RHP Nelson Munoz
|
|
Batting: RHB Takashi Upshur
|
0-0: Swinging Strike 0-1: Ball 1-1: Foul Ball, location: 2F 1-2: Fly out, F8 (Line Drive, 8LM, EV 90.0 MPH)
|
Bottom of the 6th over - 0 runs, 0 hits, 0 errors, 0 left on base; Daytona Beach 2 - Winter Haven 7 |
TOP OF THE 7TH |
Daytona Beach Islanders batting - Pitching for Winter Haven Sun Sox : RHP Gregory Staffon
|
Batting: RHB Jeff Rutledge
|
0-0: Called Strike 0-1: Called Strike 0-2: Ground out 3-1 (Groundball, 34, EV 84.4 MPH)
|
Batting: RHB Jeffrey Coker
|
0-0: Swinging Strike 0-1: Foul Ball, location: 2F 0-2: Ball 1-2: Ball 2-2: Strikes out swinging
|
Batting: SHB Michael Frierson
|
0-0: Ball 1-0: Ball 2-0: Called Strike 2-1: Ball 3-1: Base on Balls
|
Batting: RHB Juan Salinas
|
0-0: Called Strike 0-1: Ball 1-1: Called Strike 1-2: Foul Ball, location: 2F 1-2: Foul Ball, location: 2F 1-2: Ball 2-2: Ball 3-2: SINGLE (Flyball, 5D, EV 96.9 MPH) Michael Frierson to second Michael Frierson to third
|
Batting: LHB Jim Eppard
|
0-0: Ball 1-0: Ground out 6-3 (Groundball, 6S, EV 90.0 MPH)
|
Top of the 7th over - 0 runs, 1 hit, 0 errors, 2 left on base; Daytona Beach 2 - Winter Haven 7 |
BOTTOM OF THE 7TH |
Winter Haven Sun Sox batting - Pitching for Daytona Beach Islanders : RHP Nelson Munoz
|
Batting: RHB Stephen Rhodes
|
0-0: Ball 1-0: Called Strike 1-1: Ball 2-1: Ball 3-1: Base on Balls
|
Batting: RHB Tim Carroll
|
0-0: Called Strike 0-1: Ball 1-1: Called Strike 1-2: Fly out, F9 (Flyball, 89D, EV 100.6 MPH)
|
Batting: RHB Jose Marcano
|
0-0: Ball Stephen Rhodes steals 2nd base 1-0: Called Strike Stephen Rhodes is caught stealing 3rd base 2-5 1-1: Ground out 5-3 (Groundball, 56, EV 82.5 MPH)
|
Bottom of the 7th over - 0 runs, 0 hits, 0 errors, 0 left on base; Daytona Beach 2 - Winter Haven 7 |
TOP OF THE 8TH |
Daytona Beach Islanders batting - Pitching for Winter Haven Sun Sox : RHP Gregory Staffon
|
Batting: RHB Columbus Duncan
|
0-0: Ball 1-0: Ground out U3 (Groundball, 3D, EV 98.1 MPH)
|
Batting: RHB Gary Kempton
|
0-0: Ball 1-0: Called Strike 1-1: DOUBLE (Flyball, 78XD, EV 96.9 MPH)
|
Batting: RHB Jose Gonzalez
|
0-0: Ground out 5-3 (Groundball, 56, EV 80.0 MPH)
|
Batting: LHB Philip Thomson
|
0-0: Ball 1-0: Ball 2-0: Called Strike 2-1: Ball 3-1: Called Strike 3-2: Strikes out looking
|
Top of the 8th over - 0 runs, 1 hit, 0 errors, 1 left on base; Daytona Beach 2 - Winter Haven 7 |
BOTTOM OF THE 8TH |
Winter Haven Sun Sox batting - Pitching for Daytona Beach Islanders : RHP Nelson Munoz
|
Batting: LHB Don Carter
|
0-0: Swinging Strike 0-1: Foul Ball, location: 2F 0-2: SOLO HOME RUN (Flyball, 9D, EV 95.6 MPH), Distance : 350 ft
|
Batting: RHB Domingo Ramos
|
0-0: Reached on error, E8 (Line Drive, 8LD, EV 96.9 MPH)
|
Batting: RHB Augie Schmidt
|
0-0: Ball 1-0: Ball 2-0: Fly out, F8 (Flyball, 78M, EV 94.4 MPH)
|
Batting: LHB John Heller
|
0-0: Ball 1-0: Ball 2-0: Foul Ball, location: 2F 2-1: Ball 3-1: SINGLE (Groundball, 5S, EV 66.9 MPH) (infield hit) Domingo Ramos to third
|
Batting: RHB Michael Rupp
|
0-0: Called Strike 0-1: Ball 1-1: Ball 2-1: Ball 3-1: Base on Balls John Heller to second
|
Pitching: RHP Randall Rambis
|
|
Batting: RHB Takashi Upshur
|
0-0: Called Strike 0-1: Called Strike 0-2: Ball 1-2: Foul Ball, location: 2F 1-2: Grounds into double play, 5-4-3 (Groundball, 56, EV 92.5 MPH)
|
Bottom of the 8th over - 1 run, 2 hits, 1 error, 2 left on base; Daytona Beach 2 - Winter Haven 8 |
TOP OF THE 9TH |
Daytona Beach Islanders batting - Pitching for Winter Haven Sun Sox : RHP Gregory Staffon
|
Batting: RHB Jeff Rutledge
|
0-0: Ball 1-0: Ball 2-0: Ball 3-0: Called Strike 3-1: Foul Ball, location: 2F 3-2: Foul Ball, location: 2F 3-2: Base on Balls
|
Batting: RHB Jeffrey Coker
|
0-0: SINGLE (Groundball, 56D, EV 99.4 MPH) Jeff Rutledge to second
|
Batting: SHB Michael Frierson
|
0-0: Ball 1-0: Called Strike 1-1: Called Strike 1-2: Strikes out looking
|
Pitching: RHP Tony Vila
|
|
Batting: RHB Juan Salinas
|
0-0: Called Strike 0-1: Ball 1-1: Foul Ball, location: 2F 1-2: Foul Ball, location: 2F 1-2: Foul Ball, location: 2F 1-2: Strikes out swinging
|
Batting: LHB Jim Eppard
|
0-0: Ball 1-0: Ball 2-0: Swinging Strike 2-1: Foul Ball, location: 2F 2-2: Ball 3-2: Foul Ball, location: 2F 3-2: Base on Balls Jeff Rutledge to third Jeffrey Coker to second
|
Batting: RHB Columbus Duncan
|
0-0: Swinging Strike 0-1: Swinging Strike 0-2: Ground out 5-3 (Groundball, 56S, EV 79.4 MPH)
|
Top of the 9th over - 0 runs, 1 hit, 0 errors, 3 left on base; Daytona Beach 2 - Winter Haven 8 |
|